Description

This is a TvZ game. Hellion and BC opening. Later there is a better CC expansion and money spend.

Replay - Pylon LE (67)

Build Order

Get SALT Encoding   

  12  0:04  SCV  
  13  0:32  Supply Depot  
  13  0:36  Refinery, SCV  
  14  0:59  Barracks  
  14  1:07  SCV  
  15  1:29  SCV  
  16  1:41  SCV  
  17  1:50  Marine  
  17  1:53  SCV  
  19  2:07  Command Center  
  19  2:15  Bunker  
  19  2:16  Orbital Command  
  19  2:17  Barracks Reactor, Supply Depot  
  19  2:35  Factory  
  19  2:54  Marine x2  
  19  2:55  SCV  
  22  3:01  Refinery  
  22  3:08  SCV  
  23  3:20  SCV  
  24  3:32  Orbital Command  
  24  3:33  Starport  
  24  3:35  Hellion x2  
  24  3:40  Supply Depot  
  24  3:41  SCV  
  29  3:59  Hellion x2  
  29  4:02  SCV x2  
  35  4:05  Supply Depot  
  35  4:14  SCV  
  35  4:15  SCV  
  35  4:16  Supply Depot  
  37  4:17  Starport Tech Lab  
  37  4:27  Fusion Core, SCV  
  38  4:31  SCV  
  38  4:35  Hellion  
  43  4:38  Hellion  
  43  4:46  SCV  
  43  4:47  SCV  
  43  4:48  Supply Depot  
  45  4:56  Hellion  
  45  4:59  Hellion  
  49  5:00  SCV x2  
  51  5:11  Supply Depot  
  51  5:12  SCV  
  51  5:13  SCV  
  53  5:20  Battlecruiser  
  59  5:25  SCV x2  
  61  5:34  Factory Tech Lab  
  61  5:37  SCV x2  
  61  5:41  Marine x2  
  65  5:49  SCV x2  
  67  5:56  Siege Tank  
  70  5:58  Marine  
  70  5:59  Marine  
  72  6:04  SCV x2  
  74  6:15  Refinery  
  74  6:16  Marine x2  
  76  6:19  Supply Depot  
  76  6:20  Supply Depot  
  76  6:24  Armory  
  76  6:34  Marine x2  
  76  6:36  Command Center  
  76  6:37  Barracks  
  78  7:03  Barracks  
  78  7:06  Starport Reactor  
  78  7:08  Barracks  
  69  7:29  Marine x2  
  48  7:46  Marine  
  48  7:47  Marine  
  48  7:48  Thor  
  56  7:52  Viking x2  
  56  7:54  SCV x2  
  56  7:58  Barracks Reactor  
  60  7:59  Barracks Reactor  
  60  8:04  Marine x2  
  62  8:08  Refinery  
  62  8:11  Terran Vehicle Weapons Level 1  
  62  8:22  Marine x2  
  62  8:25  Medivac  
  62  8:26  Medivac  
  68  8:31  Stimpack  
  68  8:34  SCV  
  68  8:39  SCV  
  68  8:40  Marine x2  
  72  8:42  Marine x3  
  72  8:43  Marauder, Marine  
  78  8:55  Viking, SCV  
  81  8:57  Engineering Bay  
  81  8:58  Marine x2  
  81  8:59  Supply Depot  
  81  9:00  Orbital Command, Supply Depot  
  81  9:02  Marine x2  
  84  9:03  Marine  
  84  9:04  Marauder  
  84  9:09  Barracks  
  88  9:12  Thor  
  88  9:13  Barracks  
  88  9:15  SCV  
  88  9:16  SCV  
  96  9:26  Marauder  
  96  9:27  SCV  
  96  9:28  SCV  
  96  9:33  SCV  
  96  9:39  SCV  
  96  9:40  SCV  
  96  9:45  SCV, Medivac x2  
  96  9:47  Marauder, Marine  
  96  9:48  Marine x4  
  96  9:51  Terran Infantry Weapons Level 1, SCV  
  96  9:52  SCV  
  96  9:58  SCV, Supply Depot  
  96  9:59  Supply Depot  
  96  10:02  Supply Depot  
  96  10:03  SCV  
  96  10:07  Barracks, Factory  
  96  10:09  Barracks, Marauder, Siege Tank  
  96  10:11  Combat Shield  
  96  10:17  SCV x3  
  96  10:19  Command Center  
  96  10:27  Engineering Bay  
  96  10:29  SCV x3  
  96  10:30  Barracks, Marauder  
  96  10:31  Marine x2  
  96  10:37  Barracks Tech Lab  
  96  10:41  SCV x3  
  96  10:42  Refinery  
  96  10:45  Marine  
  96  10:51  Marauder  
  96  10:52  Refinery  
  96  10:53  SCV x2  
  96  10:54  SCV, Marine x4  
  96  10:56  Factory Tech Lab  
  96  11:04  Barracks Reactor  
  96  11:05  SCV x2  
  96  11:06  SCV  
  96  11:07  Barracks Tech Lab  
  96  11:10  Concussive Shells  
  96  11:12  Marauder, Medivac  
  96  11:13  Marauder, Barracks Tech Lab  
  96  11:27  Marine  
  96  11:30  Marine x5, Medivac  
  96  11:31  Marauder  
  96  11:33  Marauder  
  96  11:34  Marauder  
  96  11:42  Medivac  
  96  11:47  Command Center  
  96  11:55  Supply Depot  
  96  11:57  Supply Depot  
  96  11:58  Marauder x2, Marine x4, Siege Tank  
  96  11:59  Marauder x2  
  96  12:04  Barracks Tech Lab  
  96  12:06  Terran Infantry Armor Level 1  
  96  12:09  Terran Infantry Weapons Level 2  
  96  12:17  Siege Tank  
  96  12:20  Marauder x4  
  96  12:32  Marauder  
  96  12:41  Planetary Fortress  
  96  13:16  Command Center  
  96  13:18  Command Center x2  
  96  13:29  Refinery  
  96  13:32  Command Center  
  96  13:33  Command Center  
  96  13:34  Command Center  
  96  13:35  Command Center x2  
  96  13:36  Command Center, Terran Vehicle And Ship Armor Level 1  
  96  13:43  Armory x2  
  96  13:47  Orbital Command  
  96  14:21  Refinery  
  96  14:22  Refinery  
  96  14:40  Refinery  
  96  15:30  Orbital Command x2  
  96  15:31  Orbital Command  
  96  15:39  Planetary Fortress  
  96  15:43  Orbital Command x2  
  96  16:25  Orbital Command  
  96  16:26  Orbital Command x2  
  96  16:42  Factory  
  96  16:55  Factory  
  96  17:01  Starport  
  96  17:08  Starport  
  96  17:09  Factory  
  96  17:13  Starport  
  96  18:15  Factory Tech Lab  
  96  18:16  Factory Tech Lab  
  96  19:21  Thor x3  
  96  19:27  Liberator  
  96  19:32  Factory Tech Lab  
  96  19:43  Starport Reactor  
  96  19:45  Starport Reactor  
  96  19:51  Starport Reactor  
  96  20:45  Command Center  
Spawning Tool Build Advisor. Get it on Overwolf

Go to:

Details

  • Created by: Poovan
  • Published on: Dec 04, 2025
  • Modified on: Dec 04, 2025
  • Patch: 5.0.11
  • Difficulty: Easy
Show
View Real Time Build Order
Export as new Build Order

Comments (0)

There are no comments. Be the first!

Create an account to comment!